 Dungeon Crawl Stone Soup version 0.20.1-1-g8b1a95d (webtiles) character file.

102 tmwrnj the Chopper (level 4, -3/40 HPs)
             Began as a Hill Orc Fighter on Oct 14, 2017.
             Shot with an arrow by a centaur (13 damage)
             ... on level 3 of the Dungeon.
             The game lasted 00:04:49 (2564 turns).

tmwrnj the Chopper (Hill Orc Fighter)               Turns: 2564, Time: 00:04:50

Health: -3/40      AC:  9    Str: 19    XL:     4   Next: 77%
Magic:  4/4        EV:  5    Int:  8    God:
Gold:   157        SH:  9    Dex: 10    Spells: 3/3 levels left

rFire    . . .     SeeInvis .   a - +0 war axe
rCold    . . .     Gourm    .   c - +0 shield
rNeg     . . .     Faith    .   r - +0 chain mail
rPois    .         Spirit   .   (no helmet)
rElec    .         Reflect  .   (no cloak)
rCorr    .         Harm     .   (no gloves)
MR       .....                  (no boots)
Stlth    ..........             (no amulet)
Regen    0.2/turn               (no ring)
MPRegen  0.1/turn               (no ring)

@: no status effects
A: no striking features
a: no special abilities


You were on level 3 of the Dungeon.
You were hungry.

You visited 1 branch of the dungeon, and saw 4 of its levels.

You collected 157 gold pieces.

Inventory:

Hand Weapons
 a - a +0 war axe (weapon)
Armour
 c - a +0 shield (worn)
 k - a +1 pair of boots
 r - a +0 chain mail (worn)
Scrolls
 e - a scroll of magic mapping
 h - 2 scrolls of identify
 j - a scroll of amnesia {unknown}
 l - a scroll of teleportation {unknown}
 n - 4 scrolls of blinking
Potions
 b - a potion of heal wounds
 d - a potion of might
 i - a potion of curing {unknown}
 m - a potion of mutation {unknown}
 o - a potion of brilliance {unknown}
 q - a potion of degeneration {unknown}
Comestibles
 f - 3 bread rations
 g - a meat ration


   Skills:
 + Level 4.1 Fighting
 + Level 4.2 Axes
 + Level 3.8 Armour
 + Level 0.5 Dodging
 + Level 4.1 Shields


You had 3 spell levels left.
You didn't know any spells.

Dungeon Overview and Level Annotations

Branches:
Dungeon (4/15)
 Temple: D:4-7

Altars:
Ashenzari


Message History

Items here: †††† a jackal corpse x4
You feel sick.
You are no longer poisoned.
The worker ant waves its antennae.
There is a stone staircase leading up here.
The scorpion stings you but does no damage.
You climb upwards.
There is a stone staircase leading down here.
You are feeling hungry.
A rat comes into view.
The rat moves out of view.
You see here a dagger of flaming.
There is a stone staircase leading up here.
The centaur shouts!
The centaur shoots an arrow.
The arrow hits you.
* * * LOW HITPOINT WARNING * * *
You see here an arrow.
The centaur shoots an arrow.
The arrow hits you!
You die...

#.#....# #.#..#############.#
#.#....# #.#..##(...........#
#.#....# #.#..##.............
#.#.#'## #.#..##......)......
#.#.#.# #.#..##.............
#.#.#.####.#.#..##.............
#.#........#.#..s...r..#'####.#
###.#.#.######.#(#########.#
#)#
......#......#.#@......c...#
#.#
###.#.####[#.......#......###
#.# ....#.#
#.##......#.....##.# #r#
#####.# #..##.....#....##..#
#.# #.# ##..##....#...##...#
#.#
#.#####...##...#..##....###.#
#..........##..#.##...r......
###.........######........###
#.###......#...#......#.###


You could see a centaur.

Vanquished Creatures
  2 adders
  2 oozes
  3 worms
  4 leopard geckos
  A giant cockroach (D:2)
  2 hobgoblins
  9 jackals
  A quokka (D:2)
  A ball python (D:1)
  A bat (D:1)
  4 frilled lizards
  7 goblins
  6 kobolds
  A leopard gecko skeleton (D:4)
  5 rats
49 creatures vanquished.

Vanquished Creatures (others)
  An orc wizard (D:4)
1 creature vanquished.

Grand Total: 50 creatures vanquished

Notes
Turn   | Place    | Note
-------+----------+-------------------------------------------
     0 | D:1      | tmwrnj the Hill Orc Fighter began the quest for the Orb.
     0 | D:1      | Reached XP level 1. HP: 19/19 MP: 1/1
   494 | D:1      | Reached XP level 2. HP: 23/27 MP: 2/2
   980 | D:2      | Reached XP level 3. HP: 23/33 MP: 3/3
  1703 | D:2      | Reached XP level 4. HP: 40/40 MP: 4/4
  1801 | D:3      | Found a shattered altar of Ashenzari.
  2020 | D:3      | Noticed a centaur
  2037 | D:3      | HP: 1/40 [centaur/arrow (4)]
  2564 | D:3      | Shot with an arrow by a centaur

Skill      XL: |  1  2  3  4 |
---------------+-------------+-----
Axes           | 3 4 |  4.2
Shields        | 4 |  4.1
Fighting       | 4 |  4.1
Armour         | |  3.8
Dodging        | |  0.5

Action                   |  1- 3 |  4- 6 || total
-------------------------+-------+-------++-------
Melee: War axe           |   123 |    67 ||   190
  Use: Scroll            |     2 |       ||     2
       Potion            |       |     1 ||     1
  Eat: Chunk             |     3 |     2 ||     5
Armor: Scale mail        |    57 |       ||    57
       Chain mail        |       |    47 ||    47
Dodge: Dodged            |    40 |    17 ||    57
Block: Shield            |    80 |    31 ||   111
